AoeStats
← Random

Arena

508063131Analyzed
4v4 RM · 12d ago on Sep 20, 2026· 64m 58s· 8 players
Game mode
Random Map
Map size
Large (8 player)
Population
200
Speed
Normal
Resources
Standard
Victory
Conquest
Starting age
Dark Age
Ending age
Imperial Age
RankedLock teamsTeams togetherTeam positionsShared explorationLock speedFull tech treeHidden civsTurbo modeCheats
Victory
Defeat
🇵🇱 Mongols · Poland
1593
+18
🇺🇸 Hindustanis · United States
1561
+19
🇨🇱 Spanish · Chile
1540
+20
🇨🇳 Poles · China
1530
+20
🇬🇪 Spanish · Georgia
1704
-23
🇬🇪 Persians · Georgia
1621
-19
🇬🇪 Koreans · Georgia
1621
-19
🇬🇪 Slavs · Georgia
1550
-16
enzoyin68
10:33 Feudal Age
11:24 Double-Bit Axe
14:04 Castle Age
12:23 Horse Collar
14:51 Heavy Plow
15:14 Bow Saw
16:11 Wheelbarrow
19:25 Stone Mining
21:51 Hand Cart
24:35 Scale Barding Armor
24:41 Forging
27:10 Imperial Age
24:32 Gold Mining
25:59 Chain Barding Armor
26:10 Szlachta Privileges
26:42 Iron Casting
26:30 Treadmill Crane
27:09 Husbandry
27:20 Bloodlines
27:11 Cavalier
28:35 Crop Rotation
27:36 Capped Ram
29:00 Conscription
30:58 Coinage
31:24 Scale Mail Armor
32:25 Blast Furnace
32:41 Banking
33:17 Chain Mail Armor
33:50 Elite Obuch
35:16 Siege Ram
36:43 Plate Mail Armor
36:18 Squires
36:04 Arson
37:22 Siege Engineers
38:53 Chemistry
38:11 Pikeman
40:06 Light Cavalry
50:46 Loom
51:34 Winged Hussar
56:19 Masonry
59:00 Caravan
[CL] ElPali
10:32 Feudal Age
11:27 Town Watch
14:07 Castle Age
12:34 Stone Mining
13:09 Double-Bit Axe
13:10 Loom
16:11 Horse Collar
22:38 Gold Mining
22:49 Heavy Plow
23:02 Bow Saw
26:33 Wheelbarrow
35:02 Imperial Age
37:32 Fletching
37:42 Padded Archer Armor
37:42 Pikeman
38:22 Squires
38:08 Arson
38:09 Gambesons
40:04 Chemistry
39:23 Hand Cart
39:21 Bodkin Arrow
39:41 Leather Archer Armor
39:49 Ballistics
38:58 Elite Skirmisher
40:13 Bracer
40:34 Thumb Ring
41:06 Masonry
41:59 Ring Archer Armor
42:41 Two-Man Saw
42:11 Conscription
42:38 Halberdier
43:34 Forging
43:24 Scale Mail Armor
45:00 Iron Casting
44:40 Chain Mail Armor
46:24 Town Patrol
61:49 Stone Shaft Mining
Random
10:01 Feudal Age
14:08 Castle Age
12:28 Double-Bit Axe
12:44 Horse Collar
15:04 Bow Saw
14:54 Heavy Plow
20:22 Wheelbarrow
19:35 Town Watch
21:21 Gold Mining
27:53 Imperial Age
26:10 Hand Cart
25:41 Loom
26:24 Scale Barding Armor
27:07 Bloodlines
27:34 Husbandry
27:55 Chain Barding Armor
27:46 Forging
27:57 Heavy Camel Rider
29:00 Conscription
30:08 Plate Barding Armor
31:39 Chemistry
30:20 Imperial Camel Rider
32:20 Chemistry
32:54 Padded Archer Armor
33:30 Iron Casting
34:02 Leather Archer Armor
36:27 Blast Furnace
40:46 Siege Engineers
42:12 Ring Archer Armor
41:53 Masonry
42:25 Shatagni
43:51 Light Cavalry
47:04 Caravan
47:01 Hussar
55:12 Fortified Wall
57:31 Coinage
60:21 Banking
63:18 Fletching
ForeveR
10:12 Feudal Age
11:53 Double-Bit Axe
14:10 Castle Age
12:08 Horse Collar
15:59 Heavy Plow
16:16 Bow Saw
19:15 Loom
21:35 Wheelbarrow
22:01 Gold Mining
24:48 Stone Mining
25:40 Fletching
26:12 Ballistics
29:25 Imperial Age
27:16 Scale Mail Armor
27:43 Hand Cart
28:39 Chain Mail Armor
28:34 Forging
28:14 Pikeman
28:54 Squires
28:40 Arson
31:01 Plate Mail Armor
31:06 Iron Casting
31:50 Conscription
33:51 Town Watch
34:02 Bodkin Arrow
34:54 Bracer
35:56 Chemistry
38:40 Blast Furnace
39:02 Padded Archer Armor
38:39 Elite Mangudai
42:55 Bloodlines
42:46 Husbandry
44:44 Leather Archer Armor
45:22 Thumb Ring
45:42 Parthian Tactics
48:11 Caravan
50:21 Murder Holes
50:32 Siege Engineers
52:11 Gold Shaft Mining
52:11 Stone Shaft Mining
53:23 Capped Ram
55:02 Drill
55:08 Siege Ram
57:03 Masonry
64:11 Hoardings
[TMG] Dito 🔱
10:53 Feudal Age
15:07 Castle Age
13:49 Double-Bit Axe
14:18 Horse Collar
18:41 Loom
19:08 Gold Mining
20:01 Bow Saw
21:56 Wheelbarrow
26:53 Imperial Age
25:06 Scale Mail Armor
25:37 Squires
25:49 Pikeman
26:46 Chain Mail Armor
27:07 Halberdier
30:59 Plate Mail Armor
37:03 Fletching
39:39 Bodkin Arrow
40:32 Forging
41:16 Bracer
42:58 Chemistry
42:55 Iron Casting
45:20 Padded Archer Armor
62:15 Scale Barding Armor
63:11 Blast Furnace
63:12 Bloodlines
62:38 Light Cavalry
63:41 Chain Barding Armor
63:38 Husbandry
[TMG] sandriko
11:10 Feudal Age
14:52 Castle Age
13:16 Double-Bit Axe
13:13 Horse Collar
16:00 Bow Saw
16:10 Heavy Plow
19:46 Wheelbarrow
21:00 Loom
32:03 Imperial Age
31:43 Scale Mail Armor
31:05 Pikeman
31:45 Squires
31:31 Arson
31:54 Fletching
33:35 Scale Mail Armor
34:18 Conscription
33:56 Bodkin Arrow
34:27 Ballistics
35:08 Chemistry
35:11 Bracer
39:21 Husbandry
39:27 Thumb Ring
39:53 Elite War Wagon
41:11 Gold Mining
41:12 Stone Mining
41:06 Elite War Wagon
42:16 Forging
42:21 Chain Mail Armor
41:30 Halberdier
44:55 Plate Mail Armor
45:45 Iron Casting
48:07 Hand Cart
47:37 Town Watch
49:58 Heavy Rocket Cart
51:12 Caravan
56:07 Siege Engineers
59:04 Two-Man Saw
[TMG] purple
11:43 Feudal Age
13:19 Double-Bit Axe
15:40 Castle Age
14:05 Horse Collar
17:28 Bow Saw
19:01 Heavy Plow
22:23 Wheelbarrow
23:03 Loom
23:49 Hand Cart
23:39 Gold Mining
24:46 Stone Mining
29:13 Imperial Age
26:47 Scale Mail Armor
26:57 Forging
27:39 Gold Shaft Mining
26:44 Pikeman
27:24 Squires
27:31 Town Watch
28:23 Chain Mail Armor
29:34 Iron Casting
29:18 Onager
29:21 Halberdier
31:45 Chemistry
31:37 Plate Mail Armor
32:07 Blast Furnace
31:29 Conscription
33:15 Siege Engineers
35:06 Two-Man Saw
33:47 Siege Onager
36:46 Druzhina
39:03 Caravan
38:31 Capped Ram
46:19 Light Cavalry
47:09 Bloodlines
47:00 Husbandry
47:07 Scale Barding Armor
48:37 Husbandry
48:39 Hussar
49:57 Chain Barding Armor
52:28 Crop Rotation
57:19 Plate Barding Armor
[TMG] zv
10:56 Feudal Age
14:40 Castle Age
12:37 Double-Bit Axe
13:25 Horse Collar
15:26 Bow Saw
20:51 Wheelbarrow
22:58 Gold Mining
23:29 Stone Mining
29:00 Imperial Age
26:47 Hand Cart
28:10 Heavy Plow
28:27 Scale Barding Armor
29:45 Conscription
29:47 Chain Barding Armor
29:38 Forging
30:48 Bloodlines
30:14 Elite War Elephant
31:58 Plate Barding Armor
31:59 Iron Casting
31:46 Husbandry
33:25 Loom
35:06 Gold Shaft Mining
35:52 Blast Furnace
37:21 Chemistry
37:11 Elite Skirmisher
38:16 Parthian Tactics
37:57 Thumb Ring
37:43 Fletching
39:32 Two-Man Saw
38:29 Bodkin Arrow
38:36 Padded Archer Armor
39:34 Leather Archer Armor
39:52 Light Cavalry
41:44 Ring Archer Armor
42:08 Citadels
44:10 Ballistics
51:32 Kamandaran
50:57 Crossbowman
52:35 Capped Ram
53:00 Pikeman
53:41 Squires
53:42 Scale Mail Armor
53:40 Halberdier
53:47 Capped Ram
55:35 Hussar
57:55 Chain Mail Armor
57:49 Siege Ram
Connection lost

Rejoining the realm…

Still unreachable

The connection could not be restored.

Session expired

The server has moved on; the page needs a fresh start.